 Dungeon Crawl Stone Soup version 0.19.1 (webtiles) character file.

37 mmcf the Insei (level 3, 0/39 HPs)
             Began as a Merfolk Transmuter on Dec 3, 2016.
             Succumbed to an adder's poison
             ... on level 2 of the Dungeon.
             The game lasted 00:01:34 (916 turns).

mmcf the Insei (Merfolk Transmuter)                  Turns: 916, Time: 00:01:35

Health: 0/39       AC: 21    Str: 10    XL:     3   Next: 41%
Magic:  5/6        EV:  2    Int: 13    God:
Gold:   63         SH:  0    Dex: 14    Spells: 3 memorised, 0 levels left

rFire  . . .     SeeInvis .       - Unarmed
rCold  . . .     Gourm    .     (armour currently unavailable)
rNeg   + + +     Faith    .     (no shield)
rPois  +         Spirit   .     (helmet currently unavailable)
rElec  .         Reflect  .     (cloak currently unavailable)
rCorr  .         Harm     .     (gloves currently unavailable)
MR     .....     NoTele   +     (boots currently unavailable)
Stlth  +.........               (no amulet)
                                (no ring)
                                (no ring)

@: lethally poisoned (0 -> -9), tree-form
A: (change form in water), (swift swim), (stealthy swim)
a: no special abilities


You were on level 2 of the Dungeon.
You were not hungry.
You were a tree.
You visited 1 branch of the dungeon, and saw 2 of its levels.

You collected 63 gold pieces.

Inventory:

Missiles
 a - 12 arrows
 i - 2 stones (quivered)
Armour
 b - a +0 robe (melded)
Scrolls
 f - a scroll of immolation {unknown}
 g - a scroll of magic mapping {unknown}
 k - 2 scrolls of identify {unknown}
Potions
 e - a potion of flight
 j - a potion of cancellation {unknown}
 l - a potion of lignification
 m - a potion of berserk rage {unknown}
Books
 c - a book of Changes

   Spells                             Type                      Level
   a - Beastly Appendage              Transmutation                1
   b - Sticks to Snakes               Transmutation                2
   c - Spider Form                    Transmutation/Poison         3
   d - Ice Form                       Ice/Transmutation            4
   e - Blade Hands                    Transmutation                5
Comestibles
 d - a bread ration
 h - 2 chunks of flesh


   Skills:
 - Level 1.1 Fighting
 - Level 2.6 Dodging
 + Level 4.8 Unarmed Combat
 - Level 2.0 Spellcasting
 - Level 2.6 Transmutations


You couldn't memorise any spells.
You knew the following spells:

 Your Spells              Type           Power        Failure   Level  Hunger
a - Beastly Appendage     Tmut           #.....       10%         1    ##.....
b - Sticks to Snakes      Tmut           #.......     14%         2    ###....
c - Spider Form           Tmut/Pois      #.........   52%         3    ####...


Dungeon Overview and Level Annotations

Branches:
Dungeon (2/15)

Altars:


Message History

It was a potion of lignification.
Your horns disappear.
You turn into a tree.
Your +0 robe melds into your body.
Your roots penetrate the ground.
* * * LOW HITPOINT WARNING * * *
You feel sick. The adder bites you but does no damage.
The giant cockroach waves its antennae.
You closely miss the adder. You punch the adder, but do no damage.
The adder is lightly wounded.
* * * LOW HITPOINT WARNING * * *
You feel sick. The adder bites you but does no damage.
You smack the adder!
You kill the adder!
* * * LOW HITPOINT WARNING * * *
You feel sick. The bat hits you but does no damage.
You cannot move.
You cannot move.
You cannot move.
You cannot move.
You die...

.. .. . ##.# .#
..#.?. .# #.... r. .
#...## .# #.. ...#
.##.... .#.
##.##br.?... ...
#..###..♣†sg.....
#.#
#.......#####.#..
#.# ##.####.# ...
#.# #.# #.#########
#.# #.......... #.#
..########..########
#)# ............#
#.# ###########.#


You could see a giant cockroach, a hobgoblin, a bat and a rat.

Vanquished Creatures
  An adder (D:2)
  2 leopard geckos (D:1)
  3 bats (D:1)
  A giant cockroach (D:2)
  5 goblins (D:1)
  2 hobgoblins (D:1)
  4 kobolds
  A quokka (D:2)
  A frilled lizard (D:2)
  2 rats (D:1)
22 creatures vanquished.

Vanquished Creatures (others)
  A minotaur (D:1)
  A draconian (D:1)
  A vine stalker (D:1)
  3 vampires (D:1)
  A naga (D:1)
  2 dwarves (D:1)
  An ogre (D:1)
  A centaur (D:1)
  A mummy (D:1)
  2 orcs (D:1)
  A kobold (D:1)
  12 tentacles (D:1)
27 creatures vanquished.

Grand Total: 49 creatures vanquished

Notes
Turn   | Place    | Note
-------+----------+-------------------------------------------
     0 | D:1      | mmcf the Merfolk Transmuter began the quest for the Orb.
     0 | D:1      | Reached XP level 1. HP: 15/15 MP: 3/3
     2 | D:1      | Noticed a centaur
     2 | D:1      | Noticed a dwarf
     2 | D:1      | Noticed a naga
     2 | D:1      | Noticed a vampire
     2 | D:1      | Noticed a vampire
     2 | D:1      | Noticed a vampire
     2 | D:1      | Noticed a minotaur
     2 | D:1      | Noticed a kraken
     2 | D:1      | Noticed a draconian
     2 | D:1      | Noticed a vine stalker
     2 | D:1      | Noticed an ogre
     2 | D:1      | Noticed a dwarf
     3 | D:1      | Killed a vine stalker
     4 | D:1      | Killed an ogre
     8 | D:1      | Killed a naga
     8 | D:1      | Killed a draconian
     9 | D:1      | Killed a minotaur
     9 | D:1      | Killed a dwarf
     9 | D:1      | Killed a centaur
     9 | D:1      | Killed a vampire
    14 | D:1      | Killed a dwarf
    22 | D:1      | Killed a vampire
    22 | D:1      | Killed a vampire
   211 | D:1      | Reached XP level 2. HP: 17/21 MP: 5/5
   215 | D:1      | Reached skill level 4 in Unarmed Combat
   228 | D:1      | Learned a level 2 spell: Sticks to Snakes
   699 | D:1      | Reached XP level 3. HP: 26/26 MP: 6/6
   704 | D:1      | Learned a level 3 spell: Spider Form
   915 | D:2      | HP: 1/39 [poisoned by an adder]
   916 | D:2      | Succumbed to an adder's poison

Skill      XL: |  1  2 |
---------------+-------+-----
Unarmed Combat | 4 |  4.8
Fighting       | |  1.1
Dodging        | |  2.6
Spellcasting   | |  2.0
Transmutations | |  2.6

Action                   || total
-------------------------++-------
Melee: Unarmed           ||    73
       Headbutt          ||     1
       Punch             ||     1
 Cast: Beastly Appendage ||     2
  Use: Potion            ||     2
 Stab: Sleeping          ||     1
Armor: Robe              ||    13
       Skin              ||     3
Dodge: Dodged            ||    47
